 Dungeon Crawl Stone Soup version 0.30.0-29-ga12c61a403 (webtiles) character file.

Game seed: 16911591146856652975

183 GimliDwarf the Magician (level 5, 0/43 HPs)
             Began as a Gnoll Wanderer on June 14, 2023.
             Slain by an orc
             ... wielding a +0 hand axe
              (2 damage)
             ... on level 3 of the Dungeon.
             The game lasted 00:06:07 (2163 turns).

GimliDwarf the Magician (Gnoll Wanderer)            Turns: 2163, Time: 00:06:08

Health: 0/43       AC: 10    Str: 15    XL:     5   Next: 62%
Magic:  11/14      EV: 10    Int: 12    God:
Gold:   125        SH:  3    Dex:  9    Spells: 17/18 levels left

rFire   . . .        m - +4 dagger
rCold   . . .        l - +0 buckler
rNeg    . . .        b - +0 ring mail
rPois   .            (no helmet)
rElec   .            (no cloak)
rCorr   .            (no gloves)
SInv    .            (no boots)
Will    .....        (no amulet)
Stlth   +            d - +4 ring of protection
HPRegen 0.27/turn    (no ring)
MPRegen 0.14/turn

%: no passive effects
@: no status effects
A: fangs 1, strong nose, distributed training
a: no special abilities


You were on level 3 of the Dungeon.
You visited 1 branch of the dungeon, and saw 3 of its levels.

You collected 125 gold pieces.

Inventory:

Hand Weapons
 a - a +2 hand axe
 m - a +4 dagger (weapon)
Armour
 b - a +0 ring mail (worn)
 l - a +0 buckler (worn)
Jewellery
 d - a +4 ring of protection (left hand)
 n - an amulet of regeneration
Scrolls
 e - a scroll of silence {unknown}
 i - a scroll of noise {unknown}
 k - a scroll of identify {unknown}
 o - 2 scrolls of immolation {unknown}
 p - a scroll of poison {unknown}
 r - a scroll of enchant weapon {unknown}
Potions
 c - 2 potions of lignification
 f - a potion of haste {unknown}
 g - a potion of degeneration {unknown}
 h - 2 potions of curing {unknown}
 j - 2 potions of heal wounds {unknown}
 q - a potion of invisibility {unknown}


   Skills:
 + Level 4.8 Fighting
 + Level 1.6 Short Blades
 + Level 1.6 Long Blades
 + Level 4.8 Axes
 + Level 1.6 Maces & Flails
 + Level 1.6 Polearms
 + Level 1.6 Staves
 + Level 1.6 Ranged Weapons
 + Level 1.6 Throwing
 + Level 6.7 Armour
 + Level 1.6 Dodging
 + Level 1.6 Stealth
 + Level 1.6 Shields
 + Level 1.6 Unarmed Combat
 + Level 7.3 Spellcasting
 + Level 1.3 Conjurations
 + Level 1.3 Hexes
 + Level 1.3 Summonings
 + Level 1.3 Necromancy
 + Level 1.3 Translocations
 + Level 1.3 Transmutations
 + Level 1.3 Fire Magic
 + Level 1.3 Ice Magic
 + Level 1.3 Air Magic
 + Level 1.3 Earth Magic
 + Level 1.3 Poison Magic
 + Level 1.8 Invocations
 + Level 1.6 Evocations


You had 17 spell levels left.
You knew the following spells:

 Your Spells              Type           Power      Damage    Failure   Level
a - Shock                 Conj/Air       28%        1d4       22%         1

Your spell library contained the following spells:

 Spells                   Type           Power      Damage    Failure   Level
 Hailstorm                Conj/Ice       7%         3d4       56%         3


Dungeon Overview and Level Annotations

Branches:
Dungeon (3/15)

Altars:

Shops:
D:2 =


Innate Abilities, Weirdness & Mutations

You have very sharp teeth.
Your uncanny sense of smell can sniff out nearby items.
Your experience applies equally to all skills.


Message History

The zap hits the orc priest but does no damage.
The zap hits the orc but does no damage.
The zap hits the orc priest.
The orc priest is lightly wounded.
The orc priest mumbles some strange prayers to Beogh against you.
Beogh smites you!
Aiming: Shock (safe; 24% risk of failure)
Press: ? - help, Q - select action Shift-Dir - straight line, f/p - orc priest
Aim: an orc priest, wielding a +0 short sword and wearing a +0 ring mail (lightly wounded, 72% to hit)
The zap hits the orc priest.
The orc priest is lightly wounded.
The zap hits the orc.
The orc is moderately wounded.
The zap hits the orc priest.
The orc priest is heavily wounded.
You block the orc priest's attack.
The orc priest mumbles some strange prayers to Beogh against you.
Beogh smites you!
* * * LOW HITPOINT WARNING * * *
You hit the orc priest.
The orc priest is heavily wounded.
The orc priest hits you but does no damage.
You closely miss the orc priest.
The orc priest is heavily wounded.
The orc priest barely misses you.
You closely miss the orc priest.
The orc priest is heavily wounded.
The orc priest hits you with a +0 club.
* * * LOW HITPOINT WARNING * * *
An orc comes into view. It is wielding a +0 club.
You hit the orc priest. Your bite misses the orc priest.
The orc priest is almost dead.
You block the orc priest's attack.
Your magical contamination has completely faded away.
You hit the orc priest.
You kill the orc priest!
You hit the orc.
The orc is heavily wounded.
The orc hits you with a +0 hand axe.
You die...

. ############ .o
#..........# ..o
#..........# ....
#..........# .....
####......#
......###........#
......oo@.##.....#
#.....o###...†...#
..##### ##...#####
###....#####
##.....###..#
#.....## ##.# ..#
####.#.#.# #.#
###..........#...#
#.## ........#
#...## #..#


You could see an orc priest and 2 orcs.

Vanquished Creatures
  An orc priest (D:3)
  An orc wizard (D:3)
  4 adders
  3 gnolls (D:2)
  2 worms (D:3)
  A dart slug (D:3)
  5 orcs (D:3)
  5 bats
  An endoplasm (D:2)
  2 giant cockroaches (D:2)
  5 hobgoblins
  6 jackals (D:2)
  A quokka (D:2)
  2 ball pythons (D:1)
  A frilled lizard (D:2)
  5 goblins
  2 kobolds (D:2)
  6 rats
53 creatures vanquished.

Notes
Turn   | Place    | Note
-------+----------+-------------------------------------------
     0 | D:1      | GimliDwarf the Gnoll Wanderer began the quest for the Orb.
     0 | D:1      | GimliDwarf set off with the following items: a +2 hand axe,
                  | a +0 ring mail, a potion of lignification; and the
                  | following spell memorised: Shock; and the following spells
                  | available to memorise: Hailstorm.
     0 | D:1      | Reached XP level 1. HP: 20/20 MP: 8/8
    15 | D:1      | Found a faded altar of an unknown god.
   250 | D:1      | Reached XP level 2. HP: 26/26 MP: 5/10
   726 | D:2      | Found Atuhoug's Jewellery Shoppe.
   737 | D:2      | Reached XP level 3. HP: 30/31 MP: 4/11
   809 | D:2      | Reached skill level 1 in Invocations
   814 | D:2      | Reached skill level 1 in Short Blades
   814 | D:2      | Reached skill level 1 in Long Blades
   814 | D:2      | Reached skill level 1 in Maces & Flails
   814 | D:2      | Reached skill level 1 in Polearms
   814 | D:2      | Reached skill level 1 in Staves
   814 | D:2      | Reached skill level 1 in Ranged Weapons
   814 | D:2      | Reached skill level 1 in Throwing
   814 | D:2      | Reached skill level 1 in Dodging
   814 | D:2      | Reached skill level 1 in Stealth
   814 | D:2      | Reached skill level 1 in Shields
   814 | D:2      | Reached skill level 1 in Unarmed Combat
   814 | D:2      | Reached skill level 1 in Evocations
  1037 | D:2      | Reached XP level 4. HP: 37/38 MP: 7/13
  1123 | D:2      | Reached skill level 1 in Conjurations
  1123 | D:2      | Reached skill level 1 in Hexes
  1123 | D:2      | Reached skill level 1 in Summonings
  1123 | D:2      | Reached skill level 1 in Necromancy
  1123 | D:2      | Reached skill level 1 in Translocations
  1123 | D:2      | Reached skill level 1 in Transmutations
  1123 | D:2      | Reached skill level 1 in Fire Magic
  1123 | D:2      | Reached skill level 1 in Ice Magic
  1123 | D:2      | Reached skill level 1 in Air Magic
  1123 | D:2      | Reached skill level 1 in Earth Magic
  1123 | D:2      | Reached skill level 1 in Poison Magic
  1827 | D:3      | Reached XP level 5. HP: 36/43 MP: 8/14
  2160 | D:3      | HP: 2/43 [orc priest/+0 club (3)]
  2163 | D:3      | Slain by an orc

Illustrated notes

Levels and vault maps discovered:
D:1:      nicolae_arrival_memento_mori, layout_basic,
          hellmonk_ecumenical_altar_pennies_from_heaven
D:2:      layout_basic, serial_shops, shop
D:3:      layout_rooms, st_stairs_11

Skill      XL: |  1  2  3  4 |
---------------+-------------+-----
Invocations    | 1 |  1.8
Short Blades   | 1 |  1.6
Long Blades    | 1 |  1.6
Maces & Flails | 1 |  1.6
Polearms       | 1 |  1.6
Staves         | 1 |  1.6
Ranged Weapons | 1 |  1.6
Throwing       | 1 |  1.6
Dodging        | 1 |  1.6
Stealth        | 1 |  1.6
Shields        | 1 |  1.6
Unarmed Combat | 1 |  1.6
Evocations     | 1 |  1.6
Conjurations   | 1 |  1.3
Hexes          | 1 |  1.3
Summonings     | 1 |  1.3
Necromancy     | 1 |  1.3
Translocations | 1 |  1.3
Transmutations | 1 |  1.3
Fire Magic     | 1 |  1.3
Ice Magic      | 1 |  1.3
Air Magic      | 1 |  1.3
Earth Magic    | 1 |  1.3
Poison Magic   | 1 |  1.3
Fighting       | |  4.8
Axes           | |  4.8
Armour         | |  6.7
Spellcasting   | |  7.3

Action                     |  1- 3 |  4- 6 || total
---------------------------+-------+-------++-------
  Melee: Hand axe          |    27 |       ||    27
         Bite              |     3 |     9 ||    12
         Dagger            |     5 |    94 ||    99
   Cast: Shock             |    35 |    40 ||    75
 Armour: Ring mail         |    26 |    37 ||    63
  Dodge: Dodged            |    27 |    44 ||    71
  Block: Buckler           |     7 |    14 ||    21
